 Dungeon Crawl Stone Soup version 0.24.0-123-gd5b16e6ec5 (webtiles) character file.

Game seed: 10431161539828835624, levelgen mode: deterministic

1244 Froggeryz the Charmwright (level 8, 0/64 HPs)
             Began as a Gnoll Skald on Dec 28, 2019.
             Slain by a sky beast (6 damage)
             ... on level 5 of the Dungeon.
             The game lasted 00:08:05 (5426 turns).

Froggeryz the Charmwright (Gnoll Skald)             Turns: 5426, Time: 00:08:05

Health: 0/64       AC:  3    Str: 19    XL:     8   Next: 50%
Magic:  17/17      EV: 15    Int: 15    God:
Gold:   205        SH:  0    Dex: 15    Spells: 18/19 levels left

rFire    . . .     SeeInvis .   c - +0 dagger (elec)
rCold    . . .     Gourm    .   (no shield)
rNeg     + . .     Faith    .   w - +0 robe {rN+}
rPois    +         Spirit   .   t - +0 helmet
rElec    .         Reflect  .   (no cloak)
rCorr    .         Harm     .   (no gloves)
MR       .....                  (no boots)
Stlth    ++........             (no amulet)
HPRegen  0.20/turn              B - +3 ring of strength
MPRegen  0.15/turn              v - ring of poison resistance

@: no status effects
A: distributed training, fangs 1, strong nose
a: no special abilities


You were on level 5 of the Dungeon.
You were not hungry.

You visited 1 branch of the dungeon, and saw 5 of its levels.

You collected 205 gold pieces.

Inventory:

Hand Weapons
 a - a +0 mace
 c - a +0 dagger of electrocution (weapon)
Missiles
 q - 4 boomerangs (quivered)
 r - 11 poisoned darts
Armour
 b - a +0 leather armour
 t - a +0 helmet (worn)
 w - a +0 robe of positive energy (worn)
 x - a +0 shield
Jewellery
 v - a ring of poison resistance (right hand)
 B - a +3 ring of strength (left hand)
Scrolls
 e - a scroll of teleportation {unknown}
 g - a scroll of random uselessness {unknown}
 i - 4 scrolls of identify
 m - 3 scrolls of enchant armour {unknown}
 o - 2 scrolls of enchant weapon {unknown}
 u - 2 scrolls of magic mapping {unknown}
 y - a scroll of noise {unknown}
Potions
 f - a potion of haste {unknown}
 h - a potion of lignification {unknown}
 k - a potion of agility {unknown}
 l - 2 potions of brilliance {unknown}
 n - a potion of curing {unknown}
 p - a potion of heal wounds
 z - a potion of flight {unknown}
Comestibles
 d - 7 rations
 A - a chunk of flesh


   Skills:
 + Level 5.7 Fighting
 + Level 3.2 Short Blades
 + Level 3.2 Long Blades
 + Level 3.2 Axes
 + Level 5.7 Maces & Flails
 + Level 3.2 Polearms
 + Level 3.2 Staves
 + Level 3.2 Slings
 + Level 3.2 Bows
 + Level 3.2 Crossbows
 + Level 3.2 Throwing
 + Level 4.2 Armour
 + Level 5.7 Dodging
 + Level 3.2 Stealth
 + Level 3.2 Shields
 + Level 3.2 Unarmed Combat
 + Level 6.0 Spellcasting
 + Level 2.6 Conjurations
 + Level 2.6 Hexes
 + Level 6.1 Charms
 + Level 2.6 Summonings
 + Level 2.6 Necromancy
 + Level 2.6 Translocations
 + Level 2.6 Transmutations
 + Level 2.6 Fire Magic
 + Level 2.6 Ice Magic
 + Level 2.6 Air Magic
 + Level 2.6 Earth Magic
 + Level 2.6 Poison Magic
 + Level 3.6 Invocations
 + Level 3.2 Evocations


You had 18 spell levels left.
You knew the following spells:

 Your Spells              Type           Power        Failure   Level  Hunger
a - Infusion              Chrm           ###.         1%          1    None

Your spell library contained the following spells:

 Spells                   Type           Power        Failure   Level  Hunger
 Song of Slaying          Chrm           ###.....     1%          2    #......
 Shroud of Golubria       Chrm/Tloc      ###...       3%          2    #......
 Regeneration             Chrm/Necr      ###.......   7%          3    ##.....
 Spectral Weapon          Hex/Chrm       ###.....     7%          3    ##.....
 Recall                   Summ/Tloc      N/A          14%         3    ##.....
 Aura of Abjuration       Summ           ##........   80%         5    ######.
 Summon Demon             Summ           ##........   80%         5    ######.
 Summon Forest            Summ/Tloc      ##........   80%         5    ######.
 Summon Mana Viper        Hex/Summ       ##......     80%         5    ######.
 Shadow Creatures         Summ           N/A          100%        6    #######


Dungeon Overview and Level Annotations

Branches:
Dungeon (5/15)
 Temple: D:4-7

Altars:
Ashenzari
Hepliaklqana
Sif Muna
Xom
Yredelemnul

Shops:
D:4 :


Innate Abilities, Weirdness & Mutations

Your experience applies equally to all skills.
You have very sharp teeth.
Your uncanny sense of smell can sniff out nearby items.


Message History

The sky beast is moderately wounded.
The sky beast hits you but does no damage.
You hit the sky beast but do no damage.
The sky beast is moderately wounded.
You hit the sky beast but do no damage.
The sky beast is moderately wounded.
The sky beast closely misses you.
The sky beast flickers out of sight!
Deactivating autopickup; reactivate with Ctrl-A.
Something hits you.
* * * LOW HITPOINT WARNING * * *
Something shocks you.
* * * LOW HITPOINT WARNING * * *
There is a stone staircase leading up here.
An orc wizard appears from thin air!
Reactivating autopickup.
Something hits you.
* * * LOW HITPOINT WARNING * * *
Something shocks you.
You die...

#######รท.# #.# #.##.^...
#.......# #.# #....###.
#..####.# #.# #.#......
#..# .#####.#####.......#
#..# #....>...........##.#
#..# #.#........##..####.#
#<.####.#.###.##.##..####.#
#.............##...........
#....@..o...##......o.
.....#.######.###.####.#
### #. #.....# #.# #.
####### #.# #. #.# #. #{#
.. #.. ## ### #


You could see an orc wizard.

Vanquished Creatures
  Sigmund (D:3)
  A phantom (D:4)
  An ice beast (D:3)
  A black bear (D:5)
  The ghost of sneaky the Chopper, an amateur MiGl (D:3)
  An ogre (D:5)
  A centaur (D:5)
  A bullfrog (D:4)
  A scorpion (D:4)
  A bullfrog zombie (D:5)
  4 hounds
  2 orc wizards
  Jessica (D:3)
  An iguana (D:5)
  2 worker ants
  Robin (D:3)
  6 adders
  An ooze (D:2)
  An adder skeleton (D:5)
  2 worms
  4 leopard geckos
  6 orcs
  2 giant cockroaches
  13 goblins
  11 hobgoblins
  A quokka (D:4)
  3 ball pythons
  5 bats
  2 frilled lizards
  A jackal skeleton (D:5)
  5 kobolds
  A quokka skeleton (D:5)
  7 rats
92 creatures vanquished.

Notes
Turn   | Place    | Note
-------+----------+-------------------------------------------
     0 | D:1      | Froggeryz the Gnoll Skald began the quest for the Orb.
     0 | D:1      | Reached XP level 1. HP: 20/20 MP: 6/6
    74 | D:1      | Reached XP level 2. HP: 26/26 MP: 7/7
   450 | D:1      | Found a shimmering altar of Xom.
   606 | D:2      | Found a shimmering blue altar of Sif Muna.
   614 | D:2      | Reached skill level 5 in Spellcasting
   614 | D:2      | Reached XP level 3. HP: 25/31 MP: 7/9
   721 | D:2      | Found a shattered altar of Ashenzari.
   730 | D:2      | Found a hazy altar of Hepliaklqana.
   732 | D:2      | Found a basalt altar of Yredelemnul.
   894 | D:2      | Reached skill level 1 in Invocations
  1463 | D:2      | Reached skill level 1 in Short Blades
  1463 | D:2      | Reached skill level 1 in Long Blades
  1463 | D:2      | Reached skill level 1 in Axes
  1463 | D:2      | Reached skill level 1 in Polearms
  1463 | D:2      | Reached skill level 1 in Staves
  1463 | D:2      | Reached skill level 1 in Slings
  1463 | D:2      | Reached skill level 1 in Bows
  1463 | D:2      | Reached skill level 1 in Crossbows
  1463 | D:2      | Reached skill level 1 in Throwing
  1463 | D:2      | Reached skill level 1 in Stealth
  1463 | D:2      | Reached skill level 1 in Shields
  1463 | D:2      | Reached skill level 1 in Unarmed Combat
  1463 | D:2      | Reached skill level 1 in Evocations
  1463 | D:2      | Reached XP level 4. HP: 24/38 MP: 11/11
  1875 | D:3      | Found a transporter.
  1875 | D:3      | Found a transporter.
  1875 | D:3      | Noticed sneaky's ghost (amateur MiGl)
  1875 | D:3      | Noticed an ice beast
  1886 | D:3      | Noticed Jessica
  2334 | D:3      | Killed Jessica
  2334 | D:3      | Reached skill level 1 in Conjurations
  2334 | D:3      | Reached skill level 1 in Hexes
  2334 | D:3      | Reached skill level 1 in Summonings
  2334 | D:3      | Reached skill level 1 in Necromancy
  2334 | D:3      | Reached skill level 1 in Translocations
  2334 | D:3      | Reached skill level 1 in Transmutations
  2334 | D:3      | Reached skill level 1 in Fire Magic
  2334 | D:3      | Reached skill level 1 in Ice Magic
  2334 | D:3      | Reached skill level 1 in Air Magic
  2334 | D:3      | Reached skill level 1 in Earth Magic
  2334 | D:3      | Reached skill level 1 in Poison Magic
  2398 | D:3      | Reached XP level 5. HP: 22/43 MP: 12/12
  2744 | D:3      | Noticed Robin
  3020 | D:3      | Killed Robin
  3268 | D:3      | Noticed Sigmund
  3288 | D:3      | Killed Sigmund
  3288 | D:3      | Reached skill level 5 in Fighting
  3288 | D:3      | Reached skill level 5 in Maces & Flails
  3288 | D:3      | Reached skill level 5 in Dodging
  3288 | D:3      | Reached XP level 6. HP: 32/51 MP: 14/14
  3811 | D:3      | Killed sneaky's ghost
  3811 | D:3      | Reached XP level 7. HP: 56/56 MP: 15/15
  4373 | D:4      | Found Oliton's Book Shop.
  5043 | D:5      | Entered Level 5 of the Dungeon
  5066 | D:5      | Reached XP level 8. HP: 63/63 MP: 16/16
  5426 | D:5      | Slain by a sky beast

Levels and vault maps discovered:
D:1:      erik_arrival_triangle_small, layout_basic, xom_teletrap_fun
D:2:      layout_loops_ring, lemuel_round_altar, nicolae_overflow_hidden_temple,
          first_ration, serial_co_window_serial, co_window_of_opportunity_a,
          co_window_paths_b, co_window_of_opportunity_a, co_window_paths_a,
          co_window_paths_a, co_window_of_opportunity_b, co_window_broadway_c,
          co_window_of_opportunity_b, co_window_2corner, co_window_corner_cb,
          co_window_2corner, co_window_4corner_b, co_window_paths_e
D:3:      layout_basic, gammafunk_ghost_arena, uniq_robin, uniq_jessica,
          uniq_sigmund
D:4:      layout_loops_ring, serial_shops, shop_fountains
D:5:      black_bear_nest_1, layout_loops_ring, minmay_crystal_water

Skill      XL: |  1  2  3  4  5  6  7  8 |
---------------+-------------------------+-----
Spellcasting   | 5 6 |  6.0
Invocations    | 1 2 3 |  3.6
Short Blades   | 1 2 3 |  3.2
Long Blades    | 1 2 3 |  3.2
Axes           | 1 2 3 |  3.2
Polearms       | 1 2 3 |  3.2
Staves         | 1 2 3 |  3.2
Slings         | 1 2 3 |  3.2
Bows           | 1 2 3 |  3.2
Crossbows      | 1 2 3 |  3.2
Throwing       | 1 2 3 |  3.2
Stealth        | 1 2 3 |  3.2
Shields        | 1 2 3 |  3.2
Unarmed Combat | 1 2 3 |  3.2
Evocations     | 1 2 3 |  3.2
Conjurations   | 1 2 |  2.6
Hexes          | 1 2 |  2.6
Summonings     | 1 2 |  2.6
Necromancy     | 1 2 |  2.6
Translocations | 1 2 |  2.6
Transmutations | 1 2 |  2.6
Fire Magic     | 1 2 |  2.6
Ice Magic      | 1 2 |  2.6
Air Magic      | 1 2 |  2.6
Earth Magic    | 1 2 |  2.6
Poison Magic   | 1 2 |  2.6
Armour         | 3 4 |  4.2
Fighting       | 5 |  5.7
Maces & Flails | 5 |  5.7
Dodging        | 5 |  5.7
Charms         | 6 |  6.1

Action                   |  1- 3 |  4- 6 |  7- 9 || total
-------------------------+-------+-------+-------++-------
Melee: Mace              |    91 |   105 |       ||   196
       Bite              |    10 |    14 |    20 ||    44
       Dagger            |       |    38 |   161 ||   199
       Punch             |       |       |     4 ||     4
Throw: Boomerang         |       |       |     5 ||     5
  Use: Scroll            |       |     4 |     1 ||     5
       Potion            |       |     1 |       ||     1
 Stab: Sleeping          |     3 |       |       ||     3
  Eat: Chunk             |     1 |     5 |     5 ||    11
       Ration            |       |     1 |       ||     1
Armor: Leather armour    |    18 |    29 |    11 ||    58
       Robe              |       |       |    11 ||    11
Dodge: Dodged            |    69 |   115 |   111 ||   295
